 Dungeon Crawl Stone Soup version 0.31-a0-1447-g87ca8d402b (webtiles) character file.

Game seed: 5425665944614559984

183 Aldia the Sneak (level 5, 0/29 HPs)
             Began as a Vampire Enchanter on Dec 27, 2023.
             Slain by Duvessa
             ... wielding a +0 short sword
              (2 damage)
             ... on level 4 of the Dungeon.
             The game lasted 00:07:30 (2369 turns).

Aldia the Sneak (Vampire Enchanter)                 Turns: 2369, Time: 00:07:31

Health: 0/29       AC:  4    Str:  7    XL:     5   Next: 35%
Magic:  2/8        EV: 12    Int: 18    God:
Gold:   88         SH:  0    Dex: 21    Spells: 0/8 levels left

rFire   + . .        a - +1 dagger
rCold   + + +        (no shield)
rNeg    + + +        o - +0 leather armour "Damnable Contraption" {rCorr Dex+5}
rPois   ∞            (no helmet)
rElec   .            s - scarf {rC+ rF+}
rCorr   +            l - +0 pair of gloves
SInv    +            (no boots)
Will    .....        (no amulet)
Stlth   +++          (no ring)
HPRegen 0.00/turn    (no ring)
MPRegen 0.11/turn

%: no passive effects
@: confusing by touch, lit by a corona, bloodless, inhibited regen, glowing
A: bloodless, fangs 3, see invisible, vampiric 2
a: Bat Form, Revivify


You were on level 4 of the Dungeon.
You visited 1 branch of the dungeon, and saw 4 of its levels.

You collected 88 gold pieces.

Inventory:

Hand Weapons
 a - a +1 dagger (weapon)
 r - a +2 short sword of speed
Missiles
 h - 5 atropa-tipped darts
Armour
 b - a +0 robe
 l - a +0 pair of gloves (worn)
 o - the +0 leather armour "Damnable Contraption" (worn) {rCorr Dex+5}
   (You found it on level 3 of the Dungeon)

   Dex+5:     It affects your dexterity (+5).
   rCorr:     It protects you from acid and corrosion.
 s - a scarf of resistance (worn)
Talismans
 j - a blade talisman
Scrolls
 d - a scroll of summoning {unknown}
 e - a scroll of vulnerability {unknown}
 g - 2 scrolls of teleportation
 k - a scroll of blinking {unknown}
 m - a scroll of enchant armour {unknown}
 n - a scroll of fear {unknown}
 t - a scroll of identify
Potions
 c - 2 potions of invisibility
 f - a potion of heal wounds {unknown}
 i - a potion of curing
 p - 2 potions of brilliance {unknown}
 q - a potion of might {unknown}


   Skills:
 - Level 1.1 Fighting
 * Level 3.7 Short Blades
 - Level 2.1 Dodging
 * Level 7.0 Stealth
 - Level 2.0 Spellcasting
 + Level 4.5 Hexes
 - Level 1.0 Ice Magic


You couldn't memorise any spells.
You knew the following spells:

 Your Spells              Type           Power      Damage    Failure   Level
a - Ensorcelled Hibernat  Hex/Ice        22%        N/A       13%         2
b - Confusing Touch       Hex            18%        N/A       13%         3
c - Tukima's Dance        Hex            18%        N/A       13%         3

Your spell library contained the following spells:

 Spells                   Type           Power      Damage    Failure   Level
 Dazzling Flash           Conj/Hex       20%        N/A       32%         3


Dungeon Overview and Level Annotations

Branches:
Dungeon (4/15)
 Temple: D:4-7

Altars:
Hepliaklqana
Nemelex Xobeh
Trog

Annotations:
D:4 Dowan, Duvessa


Innate Abilities, Weirdness & Mutations

You do not regenerate when monsters are visible.
You are frail without blood (-20% HP).
You can heal yourself when you bite living creatures.
You are immune to poison.
You have razor-sharp teeth.
You have supernaturally acute eyesight. (SInv)
You are afflicted with vampirism and can become a bat while bloodless.


Message History

Confirm with . or Enter, or press ? or * to list all spells.
Your hands begin to glow red.
Duvessa gestures with her weapon.
Duvessa misses you.
You hit Duvessa but do no damage. You bite Duvessa, but do no damage.
Duvessa is almost dead.
Dowan hits you with a +0 dagger. Duvessa misses you.
Unknown command.
Unknown command.
You hit Duvessa but do no damage.
Duvessa is almost dead.
The goblin shouts!
The goblin unwields a +0 dagger.
The goblin wields a +0 sling.
The goblin shoots a sling bullet.
The sling bullet barely misses you. Dowan hits you but does no damage.
Duvessa hits you but does no damage.
Unknown command.
Unknown command.
You closely miss Duvessa.
Duvessa is almost dead.
Duvessa hits you with a +0 short sword!
* * * LOW HITPOINT WARNING * * *
Dowan completely misses you.
Unknown command.
Unknown command.
You barely miss Duvessa.
Duvessa is almost dead.
The goblin shoots a sling bullet.
The sling bullet closely misses you.
Unknown command.
Unknown command.
You hit Duvessa but do no damage.
Duvessa is almost dead.
Duvessa hits you but does no damage. Dowan misses you.
The goblin shoots a sling bullet.
The sling bullet closely misses you.
Unknown command.
Unknown command.
Okay, then.
You barely miss Duvessa.
Duvessa is almost dead.
Dowan closely misses you. Duvessa hits you with a +0 short sword.
You die...

....).# ......# #≈~
#...### #≈~ #'###.# #≈~
### ....#.# #~.#..#
....#.## ###~~~..#
....'..#####.##~...#
....#.........##ee#
....#.....##'###@#####.
..>.#.....#.............
#####.....#.............
..........#.....r.......
..........#.............
....(.....#.............
..........+.............
..........#..........g..
.<.....[..##..##.##.###


You could see Duvessa, Dowan, a quokka and a goblin.

Vanquished Creatures
  3 bombardier beetles (D:3)
  A jelly (D:4)
  A dart slug (D:3)
  3 orcs (D:3)
  5 bats
  3 endoplasms (D:1)
  3 giant cockroaches
  3 hobgoblins
  2 jackals (D:1)
  3 quokkas
  6 ball pythons
  2 frilled lizards (D:2)
  5 goblins
  5 kobolds
  6 rats
51 creatures vanquished.

Notes
Turn   | Place    | Note
-------+----------+-------------------------------------------
     0 | D:1      | Aldia the Vampire Enchanter began the quest for the Orb.
     0 | D:1      | Reached XP level 1. HP: 13/13 MP: 3/3
    46 | D:1      | Found a faded altar of an unknown god.
   185 | D:1      | Reached XP level 2. HP: 16/16 MP: 5/5
   210 | D:1      | Learned a level 2 spell: Ensorcelled Hibernation
   283 | D:1      | Reached skill level 5 in Stealth
  1066 | D:2      | Gained mutation: You are afflicted with vampirism and can
                  | become a bat while bloodless. [Vampire growth]
  1066 | D:2      | Reached XP level 3. HP: 20/20 MP: 6/6
  1076 | D:2      | Learned a level 3 spell: Confusing Touch
  1570 | D:3      | Identified the +0 leather armour "Damnable Contraption"
                  | {rCorr Dex+5}
  1784 | D:3      | Reached skill level 6 in Stealth
  1784 | D:3      | Reached skill level 1 in Ice Magic
  1784 | D:3      | Reached XP level 4. HP: 24/24 MP: 7/7
  2056 | D:3      | Reached skill level 1 in Fighting
  2056 | D:3      | Reached XP level 5. HP: 29/29 MP: 5/8
  2060 | D:3      | Learned a level 3 spell: Tukima's Dance
  2124 | D:3      | Found a hazy altar of Hepliaklqana.
  2133 | D:3      | Found a bloodstained altar of Trog.
  2136 | D:3      | Found a sparkling altar of Nemelex Xobeh.
  2300 | D:4      | Reached skill level 7 in Stealth
  2358 | D:4      | Noticed Duvessa
  2358 | D:4      | Noticed Dowan
  2369 | D:4      | Slain by Duvessa

Illustrated notes

Levels and vault maps discovered:
D:1:      dpeg_arrival_long_road, layout_basic,
          dreamdust_ecumenical_altar_statues
D:2:      layout_basic
D:3:      layout_basic, grunt_temple_overflow_diamond, minmay_crystal_room,
          serial_bayou_pond_b
D:4:      layout_gridville, gup_sewer_entry_pipe, item_on_display_a,
          uniq_duvessa

Skill      XL: |  1  2  3  4  5 |
---------------+----------------+-----
Stealth        | 5 6 7 |  7.0
Short Blades   | 2 3 |  3.7
Ice Magic      | 1 |  1.0
Fighting       | 1 |  1.1
Dodging        | |  2.1
Spellcasting   | |  2.0
Hexes          | |  4.5

Action                     |  1- 3 |  4- 6 || total
---------------------------+-------+-------++-------
  Melee: Dagger            |    73 |    41 ||   114
         Bite              |     5 |     5 ||    10
   Cast: Ensorcelled Hiber |     4 |     5 ||     9
         Tukima's Dance    |       |     1 ||     1
         Confusing Touch   |       |     1 ||     1
Ability: Exsanguinate      |     1 |       ||     1
    Use: Scroll            |     2 |     1 ||     3
   Stab: Sleeping          |    26 |     8 ||    34
         Distracted        |       |     1 ||     1
 Armour: Robe              |    26 |       ||    26
         Leather armour    |     4 |    22 ||    26
  Dodge: Dodged            |    35 |    22 ||    57

Table legend: (Time is in decaauts)
 A = Elapsed time spent in this place.
 B = Non-inter-level travel time spent in this place.
 C = Inter-level travel time spent in this place.
 D = Time resting spent in this place.
 E = Time spent auto-exploring this place.
 F = Levels seen in this place.
 G = Mean time per level.
                   A        B        C        D        E       F      G
               +--------+--------+--------+--------+--------+-----+--------+
         Total |   2355 |   2255 |    100 |      0 |   1648 |   4 |  588.8 |
       Dungeon |   2355 |   2255 |    100 |      0 |   1648 |   4 |  588.8 |
               +--------+--------+--------+--------+--------+-----+--------+

Top non-repeatable levels by time:
     D:3: 862 daAuts
     D:2: 715 daAuts
     D:1: 695 daAuts
     D:4: 81 daAuts
